Map: Submarine LE

Players

Zaechus - Winner!

  • Race: Protoss Protoss
  • League: Diamond
  • Spawn Location: 11:00

Aitri

  • Race: Protoss Protoss
  • League: Diamond
  • Spawn Location: 5:00

VOD

Have the link to the VOD?

Description

Time

  • Played on: Aug. 4, 2020, 6:06 p.m.
  • Length: 4:18
Show
View Real Time Build Order
Export as new Build Order

Zaechus Protoss - Winner!

Build Orders:  

Get SALT Encoding   

  12  0:00  Probe  
  13  0:12  Probe  
  14  0:18  Pylon  
  14  0:24  Probe  
  15  0:36  Probe (Chrono Boost)  
  15  0:39  Gateway  
  16  0:44  Assimilator  
  16  0:46  Probe (Chrono Boost)  
  17  0:52  Assimilator  
  17  0:54  Probe  
  18  1:06  Probe  
  18  1:10  Gateway  
  19  1:18  Probe (Chrono Boost)  
  20  1:26  Cybernetics Core  
  20  1:31  Probe (Chrono Boost)  
  21  1:38  Probe (Chrono Boost), Pylon  
  22  1:45  Probe  
  23  2:03  Robotics Facility  
  23  2:07  Adept  
  23  2:08  Adept  
  27  2:09  Warp Gate  
  27  2:18  Pylon  
  26  2:37  Stalker  
  26  2:38  Stalker  
  30  2:47  Immortal (Chrono Boost)  
  34  2:55  Pylon  
  34  3:07  Stalker  
  34  3:11  Stalker  
  38  3:25  Warp Prism (Chrono Boost)  
  40  3:35  Shield Battery  
  40  3:48  Pylon  
Show
View Real Time Build Order
Export as new Build Order

Aitri Protoss 

Build Orders:  

Get SALT Encoding   

  12  0:00  Probe  
  13  0:12  Probe  
  14  0:19  Pylon  
  14  0:24  Probe  
  15  0:37  Probe  
  15  0:39  Gateway  
  16  0:48  Assimilator  
  16  0:49  Probe  
  17  0:59  Assimilator  
  17  1:01  Probe  
  18  1:13  Probe  
  18  1:15  Gateway  
  19  1:25  Probe  
  20  1:29  Cybernetics Core  
  20  1:37  Probe  
  21  1:42  Pylon  
  21  1:49  Probe  
  22  2:01  Probe  
  22  2:03  Adept x2 (Chrono Boost)  
  22  2:08  Warp Gate  
  27  2:14  Probe  
  28  2:26  Probe  
  29  2:33  Stalker  
  31  2:43  Pylon  
  31  2:57  Nexus  
  33  3:06  Stalker (Chrono Boost)  
  33  3:18  Shield Battery  
  33  3:19  Stalker (Chrono Boost)  
  33  3:20  Shield Battery  
  37  3:35  Stalker (Chrono Boost)  
  37  3:41  Shield Battery  
  37  3:43  Sentry, Shield Battery  
  39  3:55  Robotics Facility  
  31  4:04  Probe  
Tags
 
Matchup
PvP
Spawn Locations
Cross Positions
Add a new tag
Caveats
  • Supply blocks, unpowered buildings, or Contaminate may cause inaccurate times.
  • Supply counts are checked every 10 seconds.